 Dungeon Crawl Stone Soup version 0.26.1-11-gd32895ea62 (webtiles) character file.

Game seed: 17304925985173743380

3208 nothank2 the Destroyer (level 9, -2/62 HPs)
             Began as a White Draconian Conjurer on July 13, 2021.
             Was a Priest of Sif Muna.
             Slain by a boulder beetle (21 damage)
             ... on level 8 of the Dungeon.
             The game lasted 00:24:25 (10772 turns).

nothank2 the Destroyer (White Draconian Conjurer)  Turns: 10772, Time: 00:24:25

Health: -2/62      AC: 12    Str: 10    XL:     9   Next: 65%
Magic:  18/18      EV: 12    Int: 22    God:    Sif Muna [***...]
Gold:   591        SH:  0    Dex:  9    Spells: 7/21 levels left

rFire    . . .     SeeInvis .   C - +2 rapier (freeze)
rCold    + . .     Faith    .   (no shield)
rNeg     + . .     Spirit   .   (armour unavailable)
rPois    .         Reflect  .   (helmet restricted)
rElec    .         Harm     .   A - +2 cloak {Stlth+}
rCorr    .         Rampage  .   (no gloves)
Will     .....     Rnd*Rage +   z - +1 pair of boots
Stlth    ++........             (no amulet)
HPRegen  0.20/turn              d - ring of positive energy
MPRegen  0.16/turn              (no ring)

@: no status effects
A: breathe frost, unfitting armour, berserk 1, cold resistance 1, cold-blooded,
subdued magic 1, AC +7
a: Breathe Frost, Renounce Religion, Channel Magic, Forget Spell


You were on level 8 of the Dungeon.
You worshipped Sif Muna.
Sif Muna was most pleased with you.
You visited 1 branch of the dungeon, and saw 8 of its levels.

You collected 591 gold pieces.

Inventory:

Hand Weapons
 C - a +2 rapier of freezing (weapon)
Armour
 z - a +1 pair of boots (worn)
 A - a +2 cloak of stealth (worn)
Jewellery
 d - a ring of positive energy (left hand)
 s - an uncursed ring of ice
Wands
 B - a wand of random effects (14)
 D - a wand of paralysis (3)
Scrolls
 c - a scroll of noise
 e - a scroll of enchant weapon {unknown}
 f - a scroll of enchant armour
 i - 2 scrolls of amnesia
 j - 4 scrolls of teleportation
 m - 5 scrolls of remove curse
 n - 3 scrolls of magic mapping {unknown}
 p - 12 scrolls of identify {unknown}
 q - a scroll of torment {unknown}
 w - a scroll of blinking {unknown}
 y - 2 scrolls of fear {unknown}
 E - a scroll of brand weapon {unknown}
Potions
 a - 4 potions of heal wounds {unknown}
 g - 2 potions of might {unknown}
 h - 5 potions of lignification {unknown}
 k - 3 potions of attraction {unknown}
 l - a potion of resistance {unknown}
 o - 6 potions of curing {unknown}
 r - 3 potions of degeneration {unknown}
 t - 3 potions of brilliance {unknown}
 u - a potion of mutation {unknown}
 v - 2 potions of invisibility {unknown}
 x - 3 potions of magic {unknown}


   Skills:
 - Level 1.7 Dodging
 - Level 1.7 Stealth
 + Level 6.6 Spellcasting
 * Level 10.5 Conjurations
 - Level 5.0 Hexes
 + Level 2.8 Translocations


You had 7 spell levels left.
You knew the following spells:

 Your Spells              Type           Power        Failure   Level
a - Magic Dart            Conj           100%         1%          1
b - Searing Ray           Conj           82%          1%          2
c - Fulminant Prism       Conj/Hex       16%          2%          4
d - Iskenderun's Mystic   Conj/Tloc      28%          4%          4
e - Frozen Ramparts       Ice            10%          22%         3

Your spell library contained the following spells:

 Spells                   Type           Power        Failure   Level
 Dazzling Flash           Conj/Hex       64%          1%          3
 Freeze                   Ice            20%          7%          1
 Hailstorm                Conj/Ice       23%          8%          4
 Ozocubu's Armour         Ice            5%           22%         3
 Summon Ice Beast         Ice/Summ       5%           61%         4


Dungeon Overview and Level Annotations

Branches:
Dungeon (8/15)             Temple (0/1) D:6
   Lair: D:8-11

Altars:
Gozag
Nemelex Xobeh
Okawaru
Ru
Sif Muna
Wu Jian
Zin
The Shining One

Shops:
D:8 =

Annotations:
D:8 Grum
Abyss:1 Blork the orc


Innate Abilities, Weirdness & Mutations

You can breathe waves of freezing cold.
You can buffet flying creatures when you breathe cold.
Your icy white scales are hard. (AC +7)
You cannot fit into any form of body armour.
Your flesh is cold resistant. (rC+)
You are cold-blooded and may be slowed by cold attacks.
You tend to lose your temper in combat.
Your spells are a little easier to cast, but a little less powerful.


Message History

You feel strangely unstable.
It was a scroll of teleportation.
As you read the scroll labelled CUTHRI ATWEHEPA, it crumbles to dust.
You feel as if something is helping you.
It was a scroll of remove curse.
Drop what? 31/52 slots (_ for help) (? for menu, Esc to quit)
You remove your ring of teleportation.
You drop an uncursed ring of teleportation.
Your surroundings suddenly seem different.
A boulder beetle comes into view.
The boulder beetle curls into a ball and begins rolling!
The boulder beetle hits you!!!
Ouch! That really hurt!
* * * LOW HITPOINT WARNING * * *
The boulder beetle stops rolling and uncurls.
The boulder beetle curls into a ball and begins rolling!
You see here a curare-tipped dart.
Things that are here:
a +0 club; 4 stones The boulder beetle hits you!!
You die...

###### #.##.#.# #...# #######
#....#.# #...###### #.....#
#......#######..(......
#.....###.......##...........#.
#.....................<....B...
#.....###.)#.#..##.............
#.....# #).#.#..######....###..
####### #.......# #.........
#.)...@.# #...####.. ##.).B..#
#)B.# #.. ## ########○#### ##.##
### .## #...(..)°# #####.###
#.#####.......°# #.......#
##.............######B###.#.#####
#.#####.........°...#.##.........
.## #.......###.........#.####.
## #........<....#.......####.


You could see a boulder beetle.

Vanquished Creatures
  An orc warrior (D:7)
  2 sky beasts (D:5)
  An ice beast (D:7)
  7 ogres
  A phantom (D:7)
  4 centaurs
  2 wolves (D:8)
  A big kobold (D:8)
  4 bullfrogs
  2 howler monkeys
  A bullfrog zombie (D:7)
  2 centaur zombies
  5 hounds
  3 orc priests
  A jelly (D:7)
  4 orc wizards
  A bullfrog skeleton (D:5)
  A centaur skeleton (D:4)
  Natasha (twice) (D:4)
  Terence (D:2)
  2 iguanas
  6 worker ants
  A killer bee zombie (D:7)
  A hound zombie (D:5)
  2 hound skeletons
  3 worker ant zombies
  6 gnolls
  7 adders
  2 shadow imps
  3 white imps
  5 ufetubi
  An ooze (D:7)
  3 adder zombies
  3 worms
  4 dart slugs
  5 leopard geckos
  13 orcs
  5 giant cockroaches
  6 goblins
  3 hobgoblins
  13 jackals
  11 kobolds
  3 quokkas
  8 bats
  6 frilled lizards
  A quokka skeleton (D:5)
  8 rats
177 creatures vanquished.

Vanquished Creatures (others)
  A fulminant prism (D:8)
1 creature vanquished.

Grand Total: 178 creatures vanquished

Notes
Turn   | Place    | Note
-------+----------+-------------------------------------------
     0 | D:1      | nothank2 the Draconian Conjurer began the quest for the
                  | Orb.
     0 | D:1      | Reached XP level 1. HP: 14/14 MP: 3/3
   330 | D:1      | Reached XP level 2. HP: 20/20 MP: 3/5
  1083 | D:1      | Reached XP level 3. HP: 26/26 MP: 4/6
  1467 | D:2      | Found a glowing silver altar of Zin.
  1676 | D:2      | Learned a level 2 spell: Searing Ray
  1807 | D:2      | Found a sparkling altar of Nemelex Xobeh.
  1871 | D:2      | Noticed Terence
  1875 | D:2      | Killed Terence
  1876 | D:2      | Reached skill level 5 in Conjurations
  1961 | D:2      | Reached XP level 4. HP: 29/33 MP: 5/8
  1966 | D:2      | Learned a level 4 spell: Fulminant Prism
  2694 | D:3      | Noticed a bullfrog
  2698 | D:3      | Killed a bullfrog
  2699 | D:3      | Reached skill level 1 in Hexes
  2699 | D:3      | Reached XP level 5. HP: 38/38 MP: 4/9
  3619 | D:4      | Noticed an ogre
  3626 | D:4      | Noticed Blork the orc
  3627 | D:4      | Killed an ogre
  3628 | D:4      | Reached skill level 6 in Conjurations
  3628 | D:4      | Reached XP level 6. HP: 45/45 MP: 0/11
  3631 | D:4      | Banished Blork the orc
  3826 | D:4      | Noticed Natasha
  3829 | D:4      | Killed Natasha
  3906 | D:4      | Found an opulent altar of Gozag.
  3906 | D:4      | Found a sacrificial altar of Ru.
  3910 | D:4      | Found an ornate altar of the Wu Jian Council.
  3910 | D:4      | Found a glowing golden altar of the Shining One.
  3912 | D:4      | Found a shimmering blue altar of Sif Muna.
  3912 | D:4      | Found an iron altar of Okawaru.
  3929 | D:4      | Became a worshipper of Sif Muna the Loreminder
  3945 | D:4      | Your scales start taking on an icy white colour.
  3945 | D:4      | Reached XP level 7. HP: 50/50 MP: 7/12
  3945 | D:4      | Gained mutation: Your flesh is cold resistant. (rC+) [White
                  | Draconian growth]
  4215 | D:4      | Reached skill level 7 in Conjurations
  4284 | D:4      | Noticed Natasha
  4287 | D:4      | Killed Natasha
  4591 | D:5      | Entered Level 5 of the Dungeon
  5295 | D:5      | Reached XP level 8. HP: 32/57 MP: 3/15
  5296 | D:5      | Reached * piety under Sif Muna
  5546 | D:5      | Reached skill level 8 in Conjurations
  5979 | D:5      | Reached skill level 5 in Spellcasting
  6815 | D:6      | Reached skill level 9 in Conjurations
  6984 | D:6      | Found a staircase to the Ecumenical Temple.
  7426 | D:6      | Reached XP level 9. HP: 62/62 MP: 13/17
  7828 | D:6      | Gained mutation: You tend to lose your temper in combat.
                  | [mutagenic glow]
  7844 | D:6      | Gained mutation: Your spells are a little easier to cast,
                  | but a little less powerful. [mutagenic glow]
  8079 | D:7      | Reached ** piety under Sif Muna
  8109 | D:7      | Reached skill level 5 in Hexes
  8117 | D:7      | Learned a level 4 spell: Iskenderun's Mystic Blast
  8597 | D:7      | Reached skill level 1 in Translocations
  8900 | D:7      | Reached skill level 10 in Conjurations
  9692 | D:8      | Learned a level 3 spell: Frozen Ramparts
 10035 | D:8      | Noticed Grum
 10341 | D:8      | Reached *** piety under Sif Muna
 10706 | D:8      | Found Osag's Jewellery Shoppe.
 10745 | D:8      | Noticed a boulder beetle
 10772 | D:8      | Slain by a boulder beetle

Illustrated notes

Levels and vault maps discovered:
D:1:      erik_arrival_triangle_small, layout_loops_corners
D:2:      layout_rooms, lemuel_round_altar, nemelex_altar_shiori, uniq_terence
D:3:      layout_loops_ring
D:4:      layout_rooms, grunt_temple_overflow_open, serial_glass,
          glass_columns_c, glass_columns_c, corexii_leaking_fountain,
          uniq_natasha, uniq_blork_the_orc
D:5:      layout_basic, minmay_bent
D:6:      layout_layer_cave, minmay_temple_entry_proselytizer
D:7:      layout_loops_corners
D:8:      layout_loops_cross, serial_shops, shop_fountains, uniq_maggie,
          uniq_grum

Skill      XL: |  1  2  3  4  5  6  7  8  9 |
---------------+----------------------------+-----
Conjurations   | 5 6 7 9 10 | 10.5
Spellcasting   | 3 4 5 6 |  6.6
Hexes          | 1 2 3 4 5 |  5.0
Translocations | 2 |  2.8
Dodging        | |  1.7
Stealth        | |  1.7

Action                   |  1- 3 |  4- 6 |  7- 9 || total
-------------------------+-------+-------+-------++-------
Melee: Dagger            |    24 |       |       ||    24
       Tailslap          |     5 |     1 |     8 ||    14
       Hand axe          |     5 |    16 |    23 ||    44
       Rapier            |       |       |    46 ||    46
 Cast: Magic Dart        |    59 |    76 |   259 ||   394
       Searing Ray       |     1 |     4 |    25 ||    30
       Fulminant Prism   |       |       |     1 ||     1
       Frozen Ramparts   |       |       |     1 ||     1
  Use: Scroll            |       |       |     5 ||     5
Armor: Skin              |    15 |     7 |    47 ||    69
Dodge: Dodged            |    22 |    10 |   100 ||   132
